 Dungeon Crawl Stone Soup version 0.27-a0-1116-g91b3acb402 (webtiles) character file.

Game seed: 11881080899048976888

270 wakim the Firebug (level 5, -5/38 HPs)
             Began as a Demigod Fire Elementalist on May 1, 2021.
             Slain by a black bear (6 damage)
             ... on level 3 of the Dungeon.
             The game lasted 00:09:02 (3985 turns).

wakim the Firebug (Demigod Fire Elementalist)       Turns: 3985, Time: 00:09:02

Health: -5/38      AC:  2    Str:  9    XL:     5   Next: 70%
Magic:  2/12       EV: 12    Int: 21    God:
Gold:   158        SH:  0    Dex: 14    Spells: 4/9 levels left

rFire    + . .     SeeInvis .   a - +1 dagger
rCold    x . .     Faith    .   (no shield)
rNeg     + . .     Spirit   .   c - +0 robe
rPois    .         Reflect  .   (no helmet)
rElec    .         Harm     .   (no cloak)
rCorr    .         Rampage  .   (no gloves)
Will     .....                  (no boots)
Stlth    ++........             (no amulet)
HPRegen  0.12/turn              d - ring of fire
MPRegen  0.13/turn              b - ring of positive energy

@: very slightly contaminated
A: high mp 1, forlorn
a: no special abilities


You were on level 3 of the Dungeon.
You visited 1 branch of the dungeon, and saw 4 of its levels.

You collected 158 gold pieces.

Inventory:

Hand Weapons
 a - a +1 dagger (weapon)
Armour
 c - a +0 robe (worn)
Jewellery
 b - a ring of positive energy (right hand)
 d - a ring of fire (left hand)
Scrolls
 e - a scroll of enchant weapon
 r - a scroll of identify
 Z - a scroll of silence {!r}
Potions
 f - a potion of haste {unknown}
 M - a potion of mutation {!q}


   Skills:
 - Level 1.7 Dodging
 - Level 1.7 Stealth
 + Level 2.9 Spellcasting
 * Level 3.0 Conjurations
 * Level 4.6 Fire Magic


You had 4 spell levels left.
You knew the following spells:

 Your Spells              Type           Power      Damage    Failure   Level
a - Foxfire               Conj/Fire      100%       2x1d9     2%          1
q - Sticky Flame          Conj/Fire      28%        2d5       28%         4

Your spell library contained the following spells:

 Spells                   Type           Power      Damage    Failure   Level
 Conjure Flame            Conj/Fire      28%        6-21      9%          3
 Inner Flame              Hex/Fire       19%        N/A       16%         3
 Fireball                 Conj/Fire      14%        3d8       61%         5


Dungeon Overview and Level Annotations

Branches:
Dungeon (4/15)
 Temple: D:4-7


Innate Abilities, Weirdness & Mutations

Your attributes grow dramatically as you level up.
You have an increased reservoir of magic. (+10% MP)
You shall have no god before yourself.


Message History

The black bear burns!
The black bear closely misses you. The black bear claws you.
* * * LOW HITPOINT WARNING * * *
The black bear claws you but does no damage.
The black bear burns!
The black bear burns!
The black bear burns!
The black bear burns!
The black bear stops burning.
The black bear goes berserk!
Casting: Sticky Flame (extremely dangerous; 28% risk of failure)
Confirm with . or Enter, or press ? or * to list all spells.
You feel a surge of power!
You conjure some foxfire!
The black bear closely misses you. The black bear claws you.
* * * LOW HITPOINT WARNING * * *
The black bear claws you.
* * * LOW HITPOINT WARNING * * *
Your foxfire dissipates!
The foxfire hits the black bear.
The black bear is almost dead.
The black bear bites you.
* * * LOW HITPOINT WARNING * * *
The black bear claws you.
* * * LOW HITPOINT WARNING * * *
The black bear claws you.
* * * LOW HITPOINT WARNING * * *
Unknown command.
You feel better. The black bear misses you. x2
The black bear closely misses you.
Casting: Foxfire (safe; 2% risk of failure)
Confirm with . or Enter, or press ? or * to list all spells.
You feel a surge of power!
You conjure some foxfire!
The black bear barely misses you. x3; The black bear misses you.
The black bear closely misses you. x2
Your foxfire dissipates!
Casting: Foxfire (safe; 2% risk of failure)
Confirm with . or Enter, or press ? or * to list all spells.
You feel a surge of power!
You conjure some foxfire!
The black bear bites you!
* * * LOW HITPOINT WARNING * * *
The black bear closely misses you. The black bear claws you.
You die...

..†...♣..PP♣.....##.#
#######.♣♣.
#####♣♣P♣.♣♣♣.♣♣.♣♣.#
#........♣♣ #
♣P..♣P♣.♣P..♣.#
#)#####.... #
♣P....♣.♣P.♣♣.# #.#
##### #
♣P♣♣.♣P♣#♣..♣♣.# #.#
# #♣♣.♣♣♣# ♣♣.♣♣.#
#.# # ♣♣♣ ♣P.♣♣.#
#.##### # ♣♣v♣♣.#
#...>.# #
♣P@P♣########.#
♣♣hP♣##.>.###.#
♣.♣♣#.###.##.#
#.....# #.##.#
##.##.###.##.#
#.###...###.# #.#
##.## #.# #.# #.# #.#
#.# #.####.#


You could see a black bear (berserk, ally target).

Vanquished Creatures
  A centaur (D:3)
  A water moccasin zombie (D:3)
  An orc priest (D:4)
  4 gnolls
  An adder (D:3)
  3 dart slugs (D:3)
  4 orcs (D:4)
  4 endoplasms
  2 giant cockroaches
  5 goblins
  2 hobgoblins
  6 kobolds
  5 quokkas
  3 ball pythons
  5 bats
  6 frilled lizards
  4 rats
57 creatures vanquished.

Vanquished Creatures (collateral kills)
  A foxfire (D:3)
1 creature vanquished.

Vanquished Creatures (others)
  154 foxfires
  9 plants (D:3)
163 creatures vanquished.

Grand Total: 221 creatures vanquished

Notes
Turn   | Place    | Note
-------+----------+-------------------------------------------
     0 | D:1      | wakim the Demigod Fire Elementalist began the quest for the
                  | Orb.
     0 | D:1      | Reached XP level 1. HP: 14/14 MP: 5/5
   141 | D:1      | Reached skill level 1 in Conjurations
   372 | D:1      | Reached skill level 3 in Fire Magic
   482 | D:1      | Reached XP level 2. HP: 20/20 MP: 4/7
  1177 | D:2      | Reached XP level 3. HP: 26/26 MP: 3/8
  2487 | D:3      | Reached skill level 4 in Fire Magic
  2487 | D:3      | Reached XP level 4. HP: 20/33 MP: 5/10
  2609 | D:3      | Learned a level 4 spell: Sticky Flame
  3397 | D:3      | Noticed a centaur
  3406 | D:3      | Killed a centaur
  3407 | D:3      | Reached XP level 5. HP: 17/38 MP: 2/12
  3907 | D:4      | Noticed a black bear
  3985 | D:3      | HP: 1/38 [black bear (7)]
  3985 | D:3      | Slain by a black bear

Illustrated notes

Levels and vault maps discovered:
D:1:      minmay_arrival_four_houses, layout_loops_ring, minmay_strange_pillars
D:2:      layout_basic, basic_altar, hellmonk_ecumenical_altar_arch_garden,
          minmay_pentomino_s4
D:3:      layout_loops_ring, marbit_many_paths, serial_forest,
          infiniplex_forest_straight_5, infiniplex_forest_lined_2,
          infiniplex_forest_end_1, infiniplex_forest_clump_double,
          infiniplex_forest_end_2, infiniplex_forest_lined_room_3
D:4:      layout_loops_ring, lemuel_round_altar, grunt_ministairs_10

Skill      XL: |  1  2  3  4  5 |
---------------+----------------+-----
Conjurations   | 1 2 3 |  3.0
Fire Magic     | 3 4 |  4.6
Spellcasting   | 2 |  2.9
Dodging        | |  1.7
Stealth        | |  1.7

Action                   |  1- 3 |  4- 6 || total
-------------------------+-------+-------++-------
Melee: Dagger            |     4 |     2 ||     6
 Cast: Foxfire           |    66 |    44 ||   110
       Sticky Flame      |       |     2 ||     2
  Use: Scroll            |     5 |       ||     5
       Potion            |       |     1 ||     1
 Stab: Sleeping          |     1 |       ||     1
Armor: Robe              |     3 |     5 ||     8
Dodge: Dodged            |    11 |    28 ||    39

Table legend: (Time is in decaauts)
 A = Elapsed time spent in this place.
 B = Non-inter-level travel time spent in this place.
 C = Inter-level travel time spent in this place.
 D = Time resting spent in this place.
 E = Time spent auto-exploring this place.
 F = Levels seen in this place.
 G = Mean time per level.
                   A        B        C        D        E       F      G
               +--------+--------+--------+--------+--------+-----+--------+
         Total |   3986 |   3865 |    121 |    388 |   2875 |   4 |  996.5 |
       Dungeon |   3986 |   3865 |    121 |    388 |   2875 |   4 |  996.5 |
               +--------+--------+--------+--------+--------+-----+--------+

Top non-repeatable levels by time:
     D:1: 1455 daAuts
     D:3: 1432 daAuts
     D:2: 865 daAuts
     D:4: 232 daAuts
